Map: Caverne nascoste

Players

LightAlonE - Winner!

  • Race: Terran Terran

SAVAGE - Winner!

  • Race: Protoss Protoss

bLaZiNgDuCk - Winner!

  • Race: Zerg Zerg

Jhyrachy - Winner!

  • Race: Zerg Zerg
  • League: Silver

HomeBrown

  • Race: Zerg Zerg

Stargamer

  • Race: Protoss Protoss

Paladin

  • Race: Zerg Zerg

Maccharius

  • Race: Zerg Zerg

VOD

Have the link to the VOD?

Description

Time

  • Played on: Dec. 26, 2015, 8:39 a.m.
  • Length: 10:20
Show
View Real Time Build Order
Export as new Build Order

LightAlonE Terran - Winner!

Build Orders: MMM Bio 

Get SALT Encoding   

  12  0:03  SCV  
  13  0:15  SCV  
  13  0:20  Supply Depot  
  14  0:27  SCV  
  15  0:35  Refinery  
  15  0:41  SCV  
  16  0:48  Barracks  
  16  0:53  SCV  
  17  1:05  Supply Depot, SCV  
  18  1:18  SCV  
  19  1:22  Refinery  
  19  1:30  SCV  
  20  1:38  Marine  
  21  1:42  SCV  
  22  1:49  Factory  
  23  1:54  SCV  
  23  1:56  Marine  
  24  2:06  SCV  
  25  2:09  Barracks  
  25  2:13  Marine  
  26  2:17  Engineering Bay  
  26  2:32  Barracks Tech Lab  
  26  2:33  Factory Tech Lab  
  26  2:38  Starport  
  26  2:40  SCV  
  27  2:59  Missile Turret  
  27  3:01  SCV  
  28  3:06  Barracks Reactor  
  28  3:11  Missile Turret  
  28  3:13  Siege Tank  
  28  3:17  Starport Reactor  
  31  3:27  Orbital Command  
  31  3:37  Concussive Shells  
  31  3:46  Supply Depot  
  31  3:53  Supply Depot  
  31  4:04  Supply Depot  
  31  4:07  Marine, Medivac  
  31  4:08  Marauder  
  36  4:16  Siege Tank  
  39  4:17  Marine  
  40  4:25  Marine, Medivac  
  40  4:31  Combat Shields  
  43  5:06  Viking  
  45  5:08  Command Center, Medivac  
  45  5:12  Marine  
  45  5:13  Marauder  
  50  5:15  Widow Mine  
  52  5:34  Marine x2  
  52  5:35  Marauder  
  56  5:50  Stimpack  
  56  5:54  Refinery  
  56  5:55  Terran Infantry Weapons Level 1  
  56  5:57  Refinery  
  56  6:20  Marine  
  56  6:21  Marauder  
  56  6:22  Missile Turret  
  56  6:23  Missile Turret  
  59  6:39  Armory  
  59  6:42  SCV  
  59  6:43  Starport  
  60  6:48  SCV  
  61  7:00  SCV  
  62  7:08  Medivac  
  62  7:09  Medivac  
  62  7:10  Marine x3  
  69  7:42  Marine x2  
  69  7:43  Marauder  
  73  7:49  Terran Infantry Armor Level 1  
  73  8:00  Marine  
  73  8:02  Viking x2  
  78  8:18  Marauder  
  77  8:25  Marine  
  75  8:32  Viking  
  77  8:36  Viking  
  78  8:47  Marauder  
  77  9:02  Hellbat, Medivac  
  78  9:19  Medivac  
  78  9:28  Hellbat  
  72  9:41  Marine  
  72  9:42  Marauder  
  78  9:55  Marine  
Show
View Real Time Build Order
Export as new Build Order

SAVAGE Protoss - Winner!

Build Orders: Dark Templar Rush 

Get SALT Encoding   

  12  0:05  Probe (Chrono Boost)  
  13  0:16  Probe (Chrono Boost)  
  14  0:23  Pylon  
  14  0:26  Probe (Chrono Boost)  
  15  0:41  Probe (Chrono Boost)  
  16  0:46  Gateway  
  16  0:51  Assimilator  
  16  0:54  Probe (Chrono Boost)  
  17  1:04  Probe (Chrono Boost)  
  18  1:22  Probe (Chrono Boost)  
  19  1:26  Assimilator  
  19  1:32  Probe (Chrono Boost)  
  20  1:37  Cybernetics Core  
  20  1:40  Zealot  
  22  2:11  Gateway  
  22  2:21  Warp Gate (Chrono Boost)  
  22  2:29  Twilight Council  
  22  2:31  Pylon  
  22  2:32  Probe  
  23  2:49  Probe  
  24  2:51  Pylon  
  24  2:59  Zealot x2  
  28  3:08  Dark Shrine  
  28  3:18  Gateway  
  28  3:21  Pylon  
  28  3:39  Gateway  
  28  4:21  Dark Templar x3  
  34  4:35  Dark Templar  
  36  4:50  Forge  
  30  5:56  Stalker x4  
  36  6:01  Protoss Ground Weapons Level 1 (Chrono Boost)  
  36  6:23  Stalker x3  
  36  6:24  Stalker  
  44  6:47  Stalker  
  46  7:03  Pylon  
  46  7:05  Pylon  
  25  8:32  Dark Templar x4  
  31  9:17  Nexus  
  31  9:19  Pylon  
  31  9:22  Dark Templar x4  
  31  9:23  Pylon  
  39  9:47  Photon Cannon  
  39  9:48  Photon Cannon  
  39  9:50  Photon Cannon  
  39  9:51  Photon Cannon  
  39  9:53  Photon Cannon  
  39  9:54  Photon Cannon  
  39  10:12  Archon x4  
Show
View Real Time Build Order
Export as new Build Order

bLaZiNgDuCk Zerg - Winner!

Build Orders: Pool First 

Get SALT Encoding   

  12  0:05  Drone  
  13  0:09  Drone  
  14  0:19  Overlord  
  14  0:41  Spawning Pool, Drone  
  14  0:47  Drone x2  
  16  0:52  Extractor  
  16  0:54  Drone  
  16  1:05  Drone  
  17  1:15  Overlord  
  17  1:25  Drone  
  17  1:29  Queen  
  20  1:37  Drone  
  21  1:49  Zergling x2  
  22  2:02  Zergling x2  
  23  2:14  Metabolic Boost  
  23  2:24  Zergling x2  
  23  2:25  Zergling x2  
  23  2:29  Overlord  
  25  2:31  Hatchery  
  24  2:42  Drone x2  
  24  2:44  Zergling x2  
  27  2:49  Lair  
  27  2:57  Extractor  
  26  3:00  Drone  
  27  3:09  Zergling x2  
  28  3:16  Drone x2  
  28  3:17  Zergling x2  
  31  3:28  Drone  
  31  3:33  Zergling x2  
  33  3:43  Queen  
  33  3:48  Drone  
  36  3:52  Zergling x6  
  36  3:53  Zergling x2  
  40  4:01  Hydralisk Den  
  39  4:06  Evolution Chamber  
  38  4:11  Drone x2, Evolution Chamber  
  39  4:21  Drone  
  39  4:22  Drone x2  
  42  4:32  Muscular Augments  
  42  4:38  Drone x2  
  44  4:46  Overlord x2  
  44  4:49  Overlord  
  44  4:58  Overlord  
  44  4:59  Overlord  
  44  5:08  Hydralisk  
  44  5:09  Hydralisk  
  48  5:15  Drone x3  
  51  5:26  Zerg Missile Weapons Level 1  
  51  5:27  Zerg Ground Armor Level 1  
  51  5:35  Drone x2  
  53  5:36  Drone x2  
  53  5:40  Extractor  
  54  5:43  Extractor, Hydralisk  
  55  5:51  Lurker Den  
  55  6:00  Drone  
  55  6:01  Drone x4  
  60  6:07  Drone x2  
  62  6:16  Drone  
  63  6:20  Drone x3  
  66  6:27  Hydralisk  
  66  6:32  Hydralisk  
  70  6:41  Hydralisk x3  
  70  6:42  Hydralisk  
  78  6:49  Hydralisk x2  
  82  6:57  Hydralisk  
  82  6:59  Overlord  
  84  7:01  Overlord  
  73  7:53  Hydralisk x4  
  73  7:54  Hydralisk x3  
  87  8:02  Hydralisk x2  
  87  8:03  Hydralisk x4  
  84  8:34  Hydralisk x2  
  84  8:35  Hydralisk x3  
  84  8:38  Hydralisk  
  84  8:39  Hydralisk  
  84  8:40  Hydralisk  
  72  9:54  Hydralisk x4  
Show
View Real Time Build Order
Export as new Build Order

Jhyrachy Zerg - Winner!

Build Orders: Hatch First 

Get SALT Encoding   

  12  0:03  Drone  
  13  0:11  Drone  
  14  0:18  Overlord  
  14  0:38  Drone x2  
  16  0:56  Hatchery  
  15  0:58  Drone x2  
  17  1:09  Drone  
  18  1:13  Overlord  
  18  1:30  Spawning Pool  
  17  1:34  Extractor  
  17  1:37  Drone  
  17  2:00  Hatchery  
  16  2:01  Drone  
  16  2:02  Drone  
  16  2:03  Drone  
  19  2:16  Queen  
  19  2:18  Drone  
  22  2:29  Queen  
  22  2:37  Extractor  
  23  2:47  Drone x3  
  26  3:02  Drone  
  29  3:09  Lair  
  29  3:11  Drone x3  
  30  3:16  Queen  
  32  3:21  Drone x2  
  34  3:28  Queen  
  36  3:50  Drone  
  36  3:51  Drone x5  
  42  4:01  Overlord x3  
  42  4:12  Spire  
  42  4:14  Drone  
  42  4:21  Extractor  
  42  4:23  Extractor  
  40  4:27  Drone  
  40  4:28  Drone x6  
  43  5:08  Extractor  
  42  5:31  Drone  
  42  5:32  Drone x6  
  42  5:33  Drone  
  50  5:52  Drone x3  
  50  5:53  Drone x9  
  50  5:54  Overlord x2  
  50  5:55  Overlord x4  
  62  5:59  Zerg Flyer Weapons Level 1  
  62  6:09  Drone x4  
  66  6:56  Extractor  
  66  7:00  Drone  
  66  7:01  Drone x4  
  69  7:06  Drone x3  
  73  7:12  Overlord x3  
  73  7:13  Overlord x2  
  73  7:16  Drone  
  74  7:24  Hatchery  
  73  7:31  Queen  
  73  7:35  Mutalisk x7  
  73  7:36  Mutalisk x3  
  95  7:50  Mutalisk x3  
  95  7:51  Mutalisk x7  
  101  7:56  Hatchery  
  114  7:59  Zerg Flyer Armor Level 1  
  114  8:13  Queen  
  116  8:20  Mutalisk  
  116  8:21  Mutalisk x6  
  116  8:23  Overlord x2  
  116  8:24  Overlord x3  
  130  9:01  Mutalisk  
  130  9:02  Mutalisk x5  
  142  9:04  Drone  
  142  9:05  Drone x8  
  151  9:13  Pneumatized Carapace  
  151  9:26  Extractor  
  151  9:28  Extractor  
  151  9:29  Drone x3  
  151  9:30  Drone  
  151  9:31  Drone x2  
  155  9:33  Drone x5  
  155  9:34  Drone x7  
  167  9:58  Extractor  
  167  9:59  Extractor  
Show
View Real Time Build Order
Export as new Build Order

HomeBrown Zerg 

Build Orders: Pool First 

Get SALT Encoding   

  12  0:24  Extractor  
  12  0:25  Drone x3, Extractor  
  15  0:42  Spawning Pool  
  14  0:45  Extractor  
  14  0:48  Extractor  
  14  0:49  Drone  
  14  0:50  Drone  
  15  0:59  Overlord  
  15  1:19  Drone  
  15  1:20  Drone  
  17  1:37  Drone  
  18  1:41  Hatchery  
  17  1:51  Drone  
  17  1:53  Metabolic Boost  
  18  1:56  Queen  
  20  2:03  Spine Crawler  
  19  2:14  Spore Crawler  
  18  2:20  Spore Crawler  
  17  2:24  Drone x2  
  17  2:28  Drone  
  20  2:46  Drone  
  21  3:00  Drone  
  21  3:01  Drone  
  21  3:02  Drone  
  24  3:10  Roach Warren  
  23  3:13  Drone x2  
  23  3:15  Drone x2  
  23  3:17  Drone  
  28  3:25  Overlord  
  28  3:28  Overlord  
  28  3:40  Spine Crawler  
  27  3:43  Spore Crawler  
  27  3:47  Spore Crawler  
  25  3:52  Lair  
  25  3:58  Queen  
  27  4:06  Drone x3  
  30  4:24  Evolution Chamber  
  30  4:29  Spine Crawler  
  30  4:30  Drone  
  31  4:31  Drone x2  
  31  4:33  Drone x4  
  35  4:54  Glial Reconstitution  
  35  5:06  Hydralisk Den  
  34  5:37  Muscular Augments  
  34  5:46  Hydralisk  
  34  5:47  Hydralisk x2  
  40  5:57  Evolution Chamber  
  39  6:20  Hydralisk x2  
  43  6:30  Overlord x5  
  43  6:31  Overlord x2  
  43  6:59  Drone x3, Extractor  
  45  7:08  Zerg Missile Weapons Level 1  
  45  7:12  Drone, Evolution Chamber  
  45  7:13  Drone x4  
  45  7:15  Extractor, Drone  
  48  7:16  Drone x2  
  48  7:18  Drone x3  
  48  7:21  Extractor  
  53  7:25  Drone x2  
  53  7:26  Drone  
  53  7:27  Hydralisk  
  53  7:28  Hydralisk  
  60  7:44  Hydralisk  
  60  7:45  Hydralisk  
  64  7:54  Zergling x2  
  64  7:55  Zergling x16  
  73  8:01  Zerg Ground Armor Level 1  
  48  8:45  Hydralisk x9  
  48  8:46  Hydralisk  
  68  8:56  Infestation Pit  
  68  8:58  Drone x2  
  68  9:00  Drone  
  48  9:46  Hydralisk  
  48  9:47  Hydralisk x7  
  48  9:49  Hydralisk  
  48  9:50  Hydralisk x2  
  70  10:02  Hatchery  
  70  10:03  Extractor  
  70  10:06  Extractor  
Show
View Real Time Build Order
Export as new Build Order

Stargamer Protoss 

Build Orders: Oracle Opening 

Get SALT Encoding   

  12  0:01  Probe (Chrono Boost)  
  13  0:11  Probe (Chrono Boost)  
  14  0:20  Pylon  
  14  0:22  Probe (Chrono Boost)  
  15  0:39  Probe (Chrono Boost)  
  15  0:40  Gateway  
  16  0:49  Probe (Chrono Boost)  
  17  1:03  Probe (Chrono Boost)  
  18  1:08  Assimilator  
  18  1:13  Assimilator  
  18  1:14  Probe (Chrono Boost)  
  19  1:24  Probe (Chrono Boost)  
  20  1:30  Cybernetics Core  
  20  1:34  Pylon  
  20  1:37  Probe (Chrono Boost)  
  20  1:38  Zealot  
  23  1:52  Probe (Chrono Boost)  
  24  2:03  Pylon  
  24  2:05  Gateway  
  24  2:09  Probe (Chrono Boost)  
  25  2:19  Probe (Chrono Boost)  
  25  2:22  Warp Gate (Chrono Boost)  
  26  2:23  Adept  
  27  2:32  Mothership Core  
  29  2:42  Stargate  
  29  2:53  Probe  
  30  3:05  Probe  
  31  3:10  Nexus  
  31  3:21  Forge  
  31  3:23  Pylon  
  31  3:33  Oracle (Chrono Boost)  
  34  3:36  Probe  
  35  3:48  Probe  
  36  4:08  Void Ray (Chrono Boost)  
  40  4:11  Probe  
  41  4:18  Twilight Council  
  41  4:23  Probe x2  
  43  4:33  Probe  
  43  4:35  Probe, Pylon  
  45  4:44  Probe  
  45  4:47  Probe  
  47  4:55  Probe  
  47  4:59  Phoenix (Chrono Boost), Probe  
  48  5:05  Blink  
  48  5:06  Probe  
  48  5:12  Probe  
  48  5:14  Assimilator  
  50  5:16  Assimilator  
  52  5:25  Stalker x2  
  49  5:40  Pylon x2  
  46  5:59  Phoenix (Chrono Boost)  
  48  6:07  Pylon  
  48  6:09  Photon Cannon  
  48  6:12  Probe  
  48  6:13  Probe  
  50  6:22  Probe, Stalker x2  
  56  6:25  Probe  
  58  6:33  Phoenix (Chrono Boost), Probe  
  58  6:37  Probe  
  60  6:44  Photon Cannon  
  60  6:48  Gateway  
  60  6:50  Probe, Pylon  
  60  6:51  Probe  
  60  6:52  Gateway  
  62  7:04  Adept  
  62  7:08  Adept  
  66  7:11  Probe, Void Ray (Chrono Boost)  
  66  7:13  Probe  
  46  7:36  Zealot  
  44  7:37  Zealot  
  23  7:56  Oracle (Chrono Boost)  
  26  7:59  Adept x2  
  26  8:09  Probe  
  27  8:25  Adept x2  
  34  8:27  Oracle (Chrono Boost)  
  34  8:44  Mothership Core  
  34  8:48  Adept x2  
  40  9:15  Adept x2  
  41  9:23  Pylon  
  41  9:28  Pylon  
Show
View Real Time Build Order
Export as new Build Order

Paladin Zerg 

Build Orders: Hatch First 

Get SALT Encoding   

  12  0:05  Drone  
  13  0:08  Drone  
  14  0:40  Hatchery  
  13  0:43  Overlord  
  13  0:46  Drone  
  14  1:06  Spawning Pool  
  14  1:07  Drone  
  14  1:14  Drone  
  14  1:15  Drone  
  16  1:21  Extractor  
  16  1:22  Drone  
  16  1:30  Drone  
  17  1:44  Drone  
  18  1:51  Overlord  
  18  1:53  Queen  
  20  1:57  Spine Crawler  
  19  2:05  Spine Crawler  
  19  2:08  Drone  
  19  2:11  Drone  
  20  2:22  Queen  
  22  2:31  Spine Crawler  
  21  2:38  Metabolic Boost  
  21  2:47  Spine Crawler  
  21  2:50  Drone  
  21  2:54  Drone  
  21  2:57  Drone  
  23  3:07  Drone x2  
  23  3:09  Drone  
  26  3:17  Spore Crawler  
  25  3:22  Spore Crawler  
  25  3:25  Drone  
  25  3:27  Drone  
  25  3:30  Drone  
  27  3:38  Extractor  
  27  3:40  Drone x2  
  28  3:41  Drone  
  29  3:50  Lair  
  29  3:54  Drone  
  30  3:55  Drone  
  30  3:58  Drone  
  30  4:01  Drone  
  33  4:06  Overlord  
  33  4:12  Drone  
  33  4:13  Drone  
  35  4:33  Extractor  
  35  4:35  Hatchery  
  35  4:37  Extractor, Drone  
  35  4:38  Drone x2  
  35  4:43  Drone x2  
  35  4:44  Drone  
  38  4:49  Burrow  
  38  5:06  Spore Crawler  
  37  5:08  Spore Crawler  
  37  5:11  Spore Crawler  
  37  5:13  Spire  
  34  5:16  Drone  
  34  5:17  Drone x2  
  34  5:20  Drone  
  38  5:23  Drone  
  38  5:28  Overseer  
  39  5:33  Overseer  
  39  5:40  Spore Crawler  
  38  5:43  Spore Crawler  
  38  5:46  Spore Crawler, Drone  
  38  5:47  Drone  
  38  6:00  Overseer  
  38  6:03  Queen  
  38  6:04  Drone x2  
  42  6:11  Drone  
  42  6:12  Drone x3  
  42  6:14  Drone  
  42  6:17  Drone  
  48  6:20  Overlord  
  48  6:26  Spine Crawler  
  48  6:28  Drone  
  48  6:29  Drone  
  49  6:40  Zerg Flyer Weapons Level 1  
  49  6:43  Overlord x2  
  49  6:46  Drone  
  49  6:47  Drone  
  51  6:53  Spore Crawler  
  50  6:55  Spore Crawler  
  49  7:01  Spore Crawler  
  49  7:03  Drone x2  
  49  7:07  Mutalisk  
  49  7:08  Mutalisk x2  
  54  7:10  Mutalisk  
  54  7:14  Mutalisk  
  60  7:17  Mutalisk  
  60  7:20  Mutalisk  
  64  7:24  Mutalisk  
  64  7:27  Mutalisk  
  68  7:31  Overlord  
  68  7:34  Overlord  
  68  7:45  Mutalisk x3  
  68  7:48  Overlord  
  68  7:50  Overlord  
  74  8:00  Mutalisk  
  74  8:03  Mutalisk x3  
  82  8:06  Mutalisk  
  53  8:42  Mutalisk x4  
  61  9:00  Extractor  
  60  9:03  Extractor, Drone x3  
  60  9:05  Drone x3  
  65  9:11  Mutalisk x2  
Show
View Real Time Build Order
Export as new Build Order

Maccharius Zerg 

Build Orders: Pool First 

Get SALT Encoding   

  12  0:02  Drone  
  13  0:15  Drone  
  13  0:18  Overlord  
  14  0:37  Spawning Pool  
  14  0:40  Extractor  
  12  0:50  Drone x2  
  12  0:51  Drone  
  15  1:20  Hatchery  
  14  1:27  Zergling x4  
  16  1:43  Zergling x2  
  16  1:44  Drone  
  18  1:54  Queen  
  20  2:12  Overlord  
  20  2:15  Drone, Zergling x2  
  22  2:24  Metabolic Boost  
  22  2:42  Drone  
  23  2:44  Spine Crawler  
  22  2:54  Drone x2, Extractor  
  22  2:55  Zergling x2  
  24  3:07  Drone x3  
  27  3:18  Drone x3  
  30  3:30  Lair  
  30  3:45  Drone x3  
  30  3:47  Drone  
  30  3:48  Zergling x2  
  35  3:49  Zergling x2  
  36  4:04  Overlord x3  
  36  4:22  Drone x2  
  36  4:23  Drone x3  
  41  4:25  Queen  
  43  4:50  Hatchery  
  42  4:53  Spore Crawler  
  42  4:58  Spore Crawler  
  40  5:00  Drone x3  
  40  5:01  Spore Crawler  
  42  5:10  Spire  
  41  5:17  Spore Crawler  
  41  5:20  Spore Crawler  
  39  5:23  Overseer  
  39  5:30  Overseer  
  39  5:34  Zergling x4  
  39  5:35  Zergling x2  
  38  6:08  Queen  
  40  6:11  Drone  
  40  6:15  Drone  
  42  6:29  Mutalisk x6  
  42  6:30  Mutalisk  
  56  6:35  Overlord x2  
  56  6:36  Overlord x2  
  56  6:45  Extractor  
  55  6:48  Extractor  
  54  7:02  Spine Crawler  
  54  7:06  Zergling x10  
  54  7:07  Zergling x6  
  54  7:35  Zergling x6  
  52  7:52  Mutalisk x5  
  62  8:01  Drone x3  
  64  8:28  Zergling x10  
  36  9:23  Zergling x2  
  36  9:24  Zergling x8  
  40  9:34  Mutalisk x2  
  40  9:35  Mutalisk x4  
Tags
 
Add a new tag
Caveats
  • Supply blocks, unpowered buildings, or Contaminate may cause inaccurate times.
  • Supply counts are checked every 10 seconds.